Map: Catallena LE (Void)

Players

A.I. 1 (Elite)

  • Race: Protoss Protoss
  • Spawn Location: 12:00

A.I. 2 (Elite)

  • Race: Zerg Zerg
  • Spawn Location: 5:00

A.I. 3 (Elite) - Winner!

  • Race: Terran Terran
  • Spawn Location: 9:00

VOD

Have the link to the VOD?

Description

Time

  • Played on: Aug. 23, 2017, 3:15 p.m.
  • Length: 37:01
Show
View Real Time Build Order
Export as new Build Order

A.I. 1 (Elite) Protoss 

Build Orders: Zealot Archon 

Get SALT Encoding   

  12  0:03  Probe (Chrono Boost)  
  14  0:15  Probe (Chrono Boost)  
  14  0:20  Pylon  
  14  0:27  Probe (Chrono Boost)  
  15  0:40  Gateway, Probe (Chrono Boost)  
  16  0:49  Assimilator  
  16  0:52  Probe (Chrono Boost)  
  17  1:02  Pylon  
  18  1:04  Probe (Chrono Boost)  
  18  1:16  Probe (Chrono Boost)  
  19  1:28  Probe (Chrono Boost)  
  19  1:29  Zealot  
  19  1:31  Cybernetics Core  
  23  1:40  Probe (Chrono Boost)  
  23  1:43  Gateway  
  23  1:52  Probe (Chrono Boost)  
  24  1:54  Pylon  
  24  2:02  Zealot  
  24  2:04  Probe (Chrono Boost)  
  27  2:09  Warp Gate  
  28  2:16  Probe (Chrono Boost)  
  28  2:18  Assimilator  
  28  2:29  Adept, Probe (Chrono Boost)  
  31  2:32  Adept  
  33  2:41  Probe (Chrono Boost)  
  33  2:43  Pylon  
  35  2:53  Probe (Chrono Boost)  
  35  2:57  Adept  
  37  2:59  Sentry  
  37  3:05  Probe (Chrono Boost)  
  40  3:17  Probe (Chrono Boost)  
  41  3:27  Nexus  
  41  3:29  Probe (Chrono Boost)  
  41  3:33  Stalker  
  45  3:41  Probe (Chrono Boost)  
  45  3:49  Stargate  
  45  3:53  Probe (Chrono Boost)  
  46  4:05  Probe (Chrono Boost)  
  46  4:06  Pylon  
  48  4:24  Adept  
  48  4:25  Probe (Chrono Boost)  
  50  4:32  Stargate  
  50  4:38  Probe (Chrono Boost)  
  51  4:40  Probe (Chrono Boost)  
  52  4:49  Void Ray  
  52  4:50  Probe (Chrono Boost)  
  58  4:53  Probe (Chrono Boost)  
  58  4:57  Zealot  
  60  5:02  Probe (Chrono Boost)  
  60  5:05  Pylon, Probe (Chrono Boost)  
  63  5:14  Probe (Chrono Boost)  
  63  5:15  Void Ray  
  63  5:17  Probe (Chrono Boost)  
  68  5:25  Twilight Council  
  68  5:26  Probe (Chrono Boost)  
  69  5:35  Void Ray  
  73  5:38  Pylon  
  73  5:52  Assimilator  
  73  5:54  Assimilator  
  74  5:58  Probe (Chrono Boost)  
  74  6:00  Probe (Chrono Boost)  
  74  6:01  Pylon  
  75  6:10  Probe (Chrono Boost)  
  77  6:12  Probe (Chrono Boost)  
  77  6:15  Templar Archives  
  77  6:17  Gateway  
  77  6:22  Probe (Chrono Boost)  
  77  6:25  Probe (Chrono Boost)  
  79  6:27  Pylon  
  79  6:34  Probe (Chrono Boost)  
  79  6:37  Probe (Chrono Boost)  
  81  6:46  Probe (Chrono Boost)  
  82  6:49  Stalker  
  82  6:52  Forge  
  82  6:53  Nexus, Stalker  
  86  7:01  Forge  
  86  7:03  Pylon  
  86  7:06  Robotics Facility  
  86  7:11  Sentry  
  86  7:12  High Templar  
  90  7:16  Pylon  
  90  7:17  High Templar  
  92  7:28  Gateway  
  92  7:34  Zealot  
  94  7:37  Photon Cannon  
  94  7:39  Pylon  
  94  7:41  Archon  
  94  7:44  Zealot  
  94  7:48  Protoss Ground Weapons Level 1  
  94  7:49  Zealot  
  98  7:53  Observer  
  98  7:54  High Templar  
  101  8:01  Photon Cannon  
  101  8:03  Photon Cannon  
  101  8:05  High Templar  
  104  8:07  Probe x2 (Chrono Boost)  
  104  8:08  Probe (Chrono Boost)  
  104  8:09  Zealot  
  104  8:11  Archon  
  108  8:14  Warp Prism  
  108  8:17  Assimilator  
  108  8:19  Probe (Chrono Boost)  
  111  8:21  Pylon  
  111  8:22  Probe x2 (Chrono Boost)  
  111  8:23  High Templar  
  111  8:26  Gateway  
  115  8:27  High Templar  
  115  8:31  Stalker, Probe (Chrono Boost)  
  115  8:33  Assimilator  
  115  8:34  Probe (Chrono Boost), Archon  
  122  8:35  Probe (Chrono Boost)  
  122  8:43  Probe (Chrono Boost)  
  122  8:44  Photon Cannon  
  122  8:46  Probe (Chrono Boost), High Templar  
  122  8:47  Probe (Chrono Boost)  
  127  8:51  Pylon  
  128  8:55  Probe (Chrono Boost)  
  128  8:57  High Templar  
  128  8:58  Probe (Chrono Boost)  
  128  8:59  Probe (Chrono Boost)  
  128  9:01  Stalker  
  134  9:05  Stalker  
  134  9:08  Probe (Chrono Boost)  
  139  9:10  Probe (Chrono Boost)  
  139  9:11  Probe (Chrono Boost)  
  139  9:15  Pylon  
  139  9:19  Photon Cannon, Stalker  
  139  9:20  Stalker  
  139  9:21  Psionic Storm  
  139  9:23  Photon Cannon  
  143  9:29  Zealot  
  143  9:30  Zealot x2  
  149  9:34  Immortal  
  149  9:38  Pylon  
  153  9:42  Zealot  
  153  9:43  Zealot  
  152  9:49  Pylon  
  144  9:57  Zealot  
  144  9:58  Probe x2 (Chrono Boost)  
  144  9:59  High Templar  
  117  10:02  High Templar  
  117  10:06  Adept  
  99  10:10  Probe (Chrono Boost)  
  99  10:12  Stalker  
  89  10:17  Sentry  
  77  10:26  Stalker  
  65  10:32  Adept  
  65  10:33  Probe (Chrono Boost)  
  65  10:34  High Templar  
  67  10:36  Zealot  
  67  10:37  Probe (Chrono Boost)  
  67  10:42  Zealot  
  70  10:47  Probe (Chrono Boost)  
  58  11:11  Zealot  
Show
View Real Time Build Order
Export as new Build Order

A.I. 2 (Elite) Zerg 

Build Orders: Hatch First 

Get SALT Encoding   

  12  0:00  Drone  
  13  0:13  Overlord  
  13  0:17  Drone  
  14  0:31  Drone x2  
  14  0:34  Drone  
  17  0:52  Hatchery  
  17  0:55  Drone  
  17  1:13  Spawning Pool  
  17  1:15  Extractor  
  17  1:16  Drone  
  16  1:19  Drone  
  16  1:24  Drone  
  18  1:28  Drone  
  19  1:38  Overlord  
  19  1:49  Drone  
  20  2:00  Zergling x2  
  21  2:01  Queen  
  21  2:04  Drone  
  24  2:13  Queen  
  26  2:18  Drone  
  27  2:30  Roach Warren  
  27  2:31  Extractor  
  27  2:34  Drone  
  27  2:37  Drone  
  27  2:44  Overlord  
  27  2:48  Drone  
  27  2:51  Drone  
  29  2:55  Drone  
  31  2:58  Drone  
  31  3:01  Drone  
  31  3:04  Zergling x2  
  33  3:09  Zergling x2  
  36  3:12  Roach  
  36  3:17  Roach  
  38  3:21  Roach  
  38  3:24  Zergling x2  
  40  3:27  Roach  
  40  3:30  Drone  
  43  3:37  Overlord  
  43  3:46  Lair  
  43  3:51  Metabolic Boost  
  43  3:55  Drone  
  44  3:56  Drone  
  44  3:59  Drone  
  44  4:01  Drone  
  47  4:04  Drone  
  47  4:06  Drone  
  47  4:08  Drone  
  50  4:11  Drone  
  50  4:15  Overlord  
  51  4:23  Evolution Chamber, Drone  
  51  4:27  Evolution Chamber, Drone  
  51  4:33  Drone x3  
  51  4:37  Drone  
  55  4:39  Drone  
  55  4:41  Drone  
  55  4:43  Drone  
  58  4:49  Infestation Pit, Drone  
  58  4:50  Zerg Missile Weapons Level 1  
  58  4:54  Zerg Ground Armor Level 1  
  58  4:57  Overlord  
  58  5:00  Overlord  
  58  5:02  Drone  
  59  5:16  Extractor, Roach, Drone x3  
  59  5:17  Hydralisk Den  
  59  5:18  Drone  
  59  5:19  Drone  
  64  5:22  Roach  
  64  5:24  Overlord  
  64  5:27  Roach  
  68  5:30  Roach  
  68  5:33  Ravager  
  68  5:34  Roach  
  73  5:39  Extractor, Drone  
  73  5:42  Overlord  
  73  5:43  Drone x2  
  73  5:44  Ravager  
  73  5:45  Drone  
  73  5:48  Roach, Hydralisk  
  81  5:54  Hydralisk  
  83  6:00  Hydralisk  
  83  6:01  Overlord, Drone x2  
  83  6:02  Drone  
  88  6:06  Hydralisk  
  90  6:13  Hydralisk  
  90  6:14  Hatchery  
  91  6:19  Overlord, Drone  
  91  6:20  Hydralisk  
  91  6:23  Roach  
  96  6:25  Hydralisk  
  98  6:37  Overlord, Hydralisk  
  100  6:41  Infestor  
  102  6:55  Overlord, Infestor  
  102  6:57  Roach  
  102  7:00  Roach  
  108  7:04  Overseer  
  108  7:11  Spine Crawler  
  108  7:14  Spine Crawler  
  106  7:18  Zerg Missile Weapons Level 2  
  106  7:26  Queen, Drone  
  106  7:27  Drone x2  
  106  7:28  Drone x2  
  106  7:29  Drone x2  
  115  7:30  Overlord, Drone  
  115  7:31  Drone  
  115  7:32  Drone  
  115  7:34  Drone  
  115  7:35  Drone x2  
  115  7:36  Drone  
  122  7:39  Extractor, Zerg Ground Armor Level 2, Drone  
  122  7:43  Drone  
  123  7:47  Drone  
  123  7:49  Glial Reconstitution, Overlord  
  124  7:54  Drone  
  124  7:55  Spore Crawler, Drone x2  
  124  7:58  Drone  
  127  7:59  Pneumatized Carapace  
  127  8:00  Drone  
  127  8:04  Spore Crawler  
  127  8:05  Drone x2  
  129  8:06  Drone x2  
  129  8:08  Overlord  
  129  8:12  Roach  
  133  8:15  Hydralisk  
  133  8:18  Hydralisk  
  137  8:21  Spine Crawler  
  137  8:22  Drone  
  137  8:25  Hydralisk  
  137  8:26  Overlord, Hydralisk  
  141  8:27  Extractor  
  141  8:28  Drone  
  141  8:35  Lurker Den  
  141  8:36  Drone  
  141  8:45  Queen  
  141  8:46  Overlord  
  141  8:47  Burrow  
  143  8:50  Hatchery, Drone  
  143  8:51  Drone  
  144  9:01  Spine Crawler, Drone  
  144  9:08  Evolution Chamber  
  144  9:09  Drone  
  144  9:11  Zergling x2  
  144  9:12  Overseer  
  144  9:13  Overlord, Zergling x2  
  144  9:16  Overseer  
  146  9:18  Zergling x2  
  146  9:22  Hive  
  147  9:25  Zergling x2  
  147  9:26  Zergling x2  
  147  9:28  Zergling x2  
  147  9:29  Zergling x2  
  151  9:32  Spire  
  151  9:34  Zerg Melee Weapons Level 1  
  151  9:38  Spine Crawler  
  148  9:42  Roach, Spine Crawler  
  148  9:44  Roach  
  148  9:47  Spine Crawler  
  148  9:48  Roach  
  148  9:50  Roach  
  148  9:52  Spore Crawler  
  138  9:53  Hatchery, Zergling x2  
  138  9:54  Zergling x2  
  138  9:55  Zergling x2  
  138  9:57  Baneling Nest, Queen  
  138  9:59  Infestor  
  134  10:01  Spine Crawler  
  134  10:02  Drone  
  134  10:05  Spine Crawler  
  133  10:07  Drone  
  133  10:08  Infestor  
  136  10:35  Zerg Ground Armor Level 3  
  136  10:36  Zerg Missile Weapons Level 3  
  136  10:41  Baneling  
  136  10:42  Spore Crawler, Hydralisk  
  137  10:44  Mutalisk  
  137  10:45  Spore Crawler, Hydralisk  
  137  10:48  Hydralisk  
  137  10:49  Spine Crawler  
  141  10:55  Lurker  
  142  10:57  Spore Crawler  
  142  10:58  Hydralisk  
  143  11:04  Lurker  
  143  11:05  Drone x2  
  143  11:06  Drone x2  
  143  11:07  Drone x3  
  143  11:08  Drone x2  
  143  11:09  Drone x3  
  143  11:10  Hydralisk, Drone  
  159  11:14  Extractor  
  159  11:16  Drone  
  159  11:17  Extractor  
  159  11:18  Hatchery, Drone  
  158  11:19  Drone  
  158  11:21  Baneling  
  158  11:22  Baneling, Zergling x2  
  158  11:24  Overlord, Viper  
  163  11:25  Baneling  
  163  11:26  Zergling x2  
  163  11:28  Baneling  
  163  11:29  Spore Crawler  
  163  11:31  Drone  
  164  11:33  Mutalisk x2  
  168  11:55  Spore Crawler  
  168  11:56  Drone, Viper  
  168  11:57  Overlord  
  171  12:02  Mutalisk  
  171  12:03  Mutalisk, Overseer  
  175  12:10  Spine Crawler  
  175  12:11  Corruptor  
  175  12:12  Corruptor, Drone  
  175  12:13  Greater Spire  
  179  12:16  Overlord  
  179  12:22  Spore Crawler  
  178  12:24  Drone  
  179  12:30  Queen, Zergling x2  
  179  12:32  Zergling x2  
  179  12:34  Mutalisk  
  185  12:38  Zergling x4  
  185  12:39  Zergling x2  
  186  12:44  Extractor  
  186  12:46  Drone  
  186  12:47  Mutalisk x2, Hydralisk  
  186  12:48  Mutalisk  
  186  12:49  Hatchery, Mutalisk, Extractor  
  186  12:50  Drone  
  186  12:51  Zergling x4, Drone  
  184  12:52  Roach, Zergling x2  
  184  12:53  Zergling x4  
  184  12:56  Baneling, Zergling x2  
  184  12:57  Baneling x2, Roach  
  184  12:58  Baneling, Zergling x2  
  171  13:02  Baneling, Zergling x2  
  171  13:05  Roach  
  151  13:06  Roach x2  
  151  13:09  Baneling  
  151  13:11  Hydralisk x2  
  151  13:12  Hydralisk  
  144  13:15  Infestor x2, Roach  
  144  13:19  Zerg Melee Weapons Level 2  
  141  13:20  Zergling x2  
  141  13:21  Zergling x2  
  141  13:25  Corruptor  
  141  13:26  Spine Crawler  
  129  13:28  Corruptor, Drone  
  132  13:35  Adrenal Glands  
  132  13:36  Spine Crawler  
  132  13:38  Drone  
  132  13:41  Infestor  
  132  13:47  Pathogen Glands  
  134  14:01  Queen  
  134  14:02  Brood Lord, Spore Crawler, Infestor, Corruptor, Drone  
  142  14:16  Corruptor  
  142  14:17  Brood Lord, Spore Crawler, Drone  
  144  14:20  Spore Crawler  
  144  14:21  Drone  
  144  14:22  Infestor  
  148  14:28  Infestor  
  148  14:29  Roach  
  148  14:31  Hydralisk  
  154  14:39  Brood Lord, Corruptor  
  154  14:42  Spine Crawler  
  154  14:43  Mutalisk  
  154  14:44  Drone  
  160  14:46  Spine Crawler  
  160  14:47  Neural Parasite, Drone  
  160  14:49  Zerg Flyer Weapons Level 1  
  160  14:53  Brood Lord  
  160  14:54  Corruptor  
  164  15:07  Viper  
  167  15:15  Viper  
  167  15:21  Tunneling Claws  
  170  15:23  Brood Lord  
  170  15:24  Corruptor  
  174  15:36  Extractor, Zergling x2, Drone  
  174  15:38  Spore Crawler  
  174  15:40  Drone  
  174  15:41  Zerg Melee Weapons Level 3  
  175  15:44  Hatchery, Spore Crawler, Infestor  
  175  15:45  Drone x2  
  175  15:47  Extractor  
  175  15:48  Mutalisk, Drone x2  
  175  15:49  Zergling x4  
  175  15:50  Zergling x2  
  175  15:53  Drone  
  175  15:56  Mutalisk, Zergling x4  
  165  15:57  Zergling x2  
  165  16:00  Mutalisk  
  155  16:05  Drone  
  155  16:06  Mutalisk  
  155  16:09  Drone  
  155  16:11  Baneling, Zergling x2  
  157  16:12  Baneling  
  157  16:13  Brood Lord, Drone  
  157  16:16  Infestor, Drone x2  
  157  16:17  Baneling  
  155  16:19  Drone  
  155  16:24  Drone  
  155  16:25  Drone  
  146  16:26  Drone  
  146  16:27  Drone  
  146  16:29  Zergling x2, Drone  
  146  16:31  Drone  
  141  16:37  Drone  
  141  16:39  Drone x2  
  134  16:41  Drone  
  134  16:43  Roach  
  134  16:45  Roach  
  124  16:48  Roach  
  124  16:50  Baneling x2, Zergling x2  
  124  16:51  Roach  
  127  16:54  Hatchery, Roach  
  127  16:55  Drone  
  127  16:57  Drone  
  127  16:59  Drone  
  127  17:00  Drone  
  125  17:02  Drone  
  125  17:04  Drone  
  125  17:06  Zergling x2  
  123  17:08  Drone  
  123  17:11  Hydralisk  
  123  17:14  Hydralisk  
  120  17:17  Drone  
  120  17:19  Hydralisk  
  120  17:21  Drone  
  122  17:24  Corruptor  
  122  17:27  Zergling x2  
  122  17:29  Corruptor  
  123  17:32  Zergling x2  
  123  17:34  Roach  
  123  17:36  Roach  
  126  17:37  Zergling x2  
  126  17:38  Zergling x2  
  126  17:39  Zergling x2  
  126  17:40  Zergling x2  
  126  17:41  Zergling x2  
  126  17:42  Zergling x2  
  126  17:43  Zergling x2  
  133  17:44  Baneling  
  133  17:45  Zergling x2  
  133  17:46  Baneling  
  133  17:47  Baneling, Zergling x2  
  133  17:49  Mutalisk  
  137  17:51  Mutalisk  
  137  17:54  Mutalisk  
  137  17:56  Mutalisk  
  143  17:58  Mutalisk  
  143  18:02  Corruptor  
  143  18:04  Infestor  
  149  18:06  Infestor  
  149  18:10  Brood Lord  
  153  18:13  Baneling, Corruptor  
  153  18:15  Mutalisk  
  157  18:22  Spine Crawler  
  157  18:23  Drone  
  157  18:24  Spine Crawler  
  157  18:25  Zergling x2, Drone  
  157  18:27  Baneling  
  157  18:29  Zerg Flyer Weapons Level 2  
  157  18:30  Zergling x2  
  157  18:31  Zergling x2  
  157  18:32  Zergling x2  
  157  18:33  Zergling x2  
  156  18:35  Zergling x2  
  156  18:37  Zergling x2  
  156  18:38  Zergling x2  
  156  18:40  Mutalisk  
  156  18:41  Mutalisk  
  156  18:43  Mutalisk  
  156  18:46  Zergling x2  
  156  18:47  Baneling, Roach  
  156  18:48  Baneling  
  154  18:49  Roach  
  154  18:50  Roach  
  154  18:52  Roach  
  154  18:53  Zergling x4  
  159  18:58  Roach  
  159  18:59  Spine Crawler  
  159  19:01  Drone  
  159  19:11  Spine Crawler, Drone  
  159  19:13  Queen  
  159  19:14  Overseer  
  159  19:15  Spore Crawler  
  159  19:16  Drone  
  161  19:18  Spore Crawler  
  161  19:19  Infestor  
  161  19:20  Drone  
  161  19:22  Roach  
  161  19:24  Roach  
  167  19:25  Roach  
  167  19:27  Roach  
  167  19:28  Roach  
  173  19:31  Overseer  
  173  19:32  Overlord  
  173  19:34  Spine Crawler  
  173  19:35  Drone  
  173  19:36  Hydralisk  
  173  19:38  Infestor  
  171  19:40  Spine Crawler  
  171  19:41  Roach  
  171  19:42  Drone  
  171  19:43  Roach  
  177  19:45  Roach  
  177  19:47  Hydralisk  
  177  19:49  Ravager, Mutalisk  
  177  19:50  Roach  
  177  19:52  Mutalisk  
  178  19:53  Mutalisk  
  178  19:57  Zergling x2  
  178  19:58  Zergling x4  
  179  20:00  Zergling x2  
  179  20:02  Zergling x2  
  179  20:04  Zergling x2  
  179  20:05  Mutalisk  
  170  20:07  Zergling x2  
  170  20:08  Mutalisk, Hydralisk  
  170  20:10  Mutalisk  
  170  20:12  Roach  
  171  20:14  Zergling x2  
  171  20:15  Zergling x2  
  171  20:16  Zergling x2  
  171  20:19  Corruptor  
  171  20:20  Baneling  
  176  20:21  Roach  
  176  20:22  Baneling, Zergling x2  
  176  20:23  Baneling, Zergling x2  
  176  20:25  Roach  
  176  20:26  Roach  
  176  20:28  Roach  
  168  20:29  Roach  
  168  20:30  Baneling  
  168  20:31  Roach  
  168  20:32  Hydralisk  
  168  20:34  Infestor  
  162  20:36  Hydralisk  
  162  20:38  Infestor  
  162  20:40  Zergling x2  
  162  20:41  Drone  
  162  20:42  Hydralisk  
  159  20:43  Roach  
  159  20:44  Roach  
  159  20:45  Roach  
  159  20:47  Roach  
  159  20:48  Roach  
  153  20:52  Ravager  
  153  20:53  Ravager, Spore Crawler  
  153  20:54  Drone  
  153  20:55  Roach  
  153  20:56  Spore Crawler, Corruptor  
  145  20:58  Drone  
  145  20:59  Zergling x2  
  145  21:00  Spore Crawler  
  145  21:02  Overseer, Overlord  
  145  21:03  Drone  
  145  21:04  Zergling x2  
  145  21:05  Zergling x2  
  145  21:06  Zergling x2  
  145  21:08  Roach  
  145  21:09  Roach  
  145  21:10  Zergling x2  
  138  21:11  Zergling x2  
  138  21:12  Zergling x2  
  138  21:13  Zergling x2  
  138  21:14  Zergling x2  
  138  21:16  Zergling x2  
  138  21:17  Roach  
  133  21:19  Roach  
  133  21:20  Roach  
  133  21:21  Mutalisk  
  133  21:23  Roach  
  133  21:24  Baneling  
  133  21:25  Baneling, Zergling x2  
  126  21:27  Hydralisk  
  126  21:28  Baneling, Zergling x2  
  126  21:30  Overlord  
  126  21:32  Mutalisk  
  131  21:34  Mutalisk  
  131  21:36  Mutalisk  
  131  21:39  Corruptor  
  137  21:42  Corruptor  
  137  21:43  Ravager  
  137  21:44  Roach  
  137  21:45  Ravager  
  137  21:46  Hydralisk  
  143  21:48  Roach  
  143  21:50  Overlord  
  143  21:51  Hydralisk  
  143  21:54  Infestor  
  149  21:55  Infestor  
  152  22:02  Spore Crawler, Roach  
  152  22:08  Overlord, Drone  
  154  22:09  Zergling x2, Roach, Corruptor  
  154  22:10  Overseer, Roach  
  154  22:11  Overseer, Hydralisk  
  154  22:14  Roach  
  155  22:23  Zergling x2  
  155  22:24  Mutalisk, Zergling x6  
  155  22:26  Mutalisk, Overlord, Zergling x2  
  155  22:28  Zergling x2  
  155  22:29  Zergling x2  
  153  22:30  Zergling x2  
  153  22:31  Hydralisk  
  153  22:33  Zergling x2  
  153  22:35  Roach  
  153  22:36  Zergling x2  
  139  22:37  Mutalisk  
  139  22:40  Drone  
  139  22:42  Roach  
  139  22:44  Roach  
  123  22:45  Roach  
  123  22:47  Roach  
  123  22:48  Roach  
  123  22:50  Roach  
  115  22:56  Zergling x2  
  115  22:57  Zergling x4  
  114  22:58  Infestor, Zergling x2  
  114  22:59  Zergling x2  
  114  23:03  Hydralisk, Roach  
  114  23:05  Roach  
  116  23:06  Roach  
  116  23:07  Zergling x2  
  116  23:08  Roach x2, Zergling x2  
  116  23:11  Roach, Zergling x2  
  115  23:13  Zergling x2, Drone x2  
  115  23:14  Hydralisk, Drone  
  115  23:16  Drone  
  117  23:20  Infestor  
  117  23:21  Zergling x2  
  117  23:23  Zergling x2  
  120  23:30  Drone  
  120  23:31  Roach  
  120  23:32  Drone  
  120  23:33  Drone  
  107  23:35  Baneling, Roach  
  107  23:36  Drone  
  107  23:37  Drone  
  107  23:39  Drone  
  107  23:40  Drone  
  107  23:41  Drone  
  107  23:42  Drone  
  107  23:43  Roach, Drone  
  107  23:45  Drone  
  107  23:46  Drone  
  107  23:47  Drone  
  101  23:49  Roach  
  101  23:50  Roach  
  101  23:51  Roach  
  101  23:53  Hatchery, Drone  
  101  23:55  Roach  
  97  23:56  Zergling x2  
  97  23:58  Drone  
  95  24:09  Roach  
  92  24:11  Roach  
  92  24:13  Roach  
  92  24:16  Roach  
  88  24:17  Roach  
  88  24:19  Hydralisk  
  88  24:20  Hatchery, Hydralisk  
  88  24:22  Zergling x2  
  88  24:23  Drone  
  89  24:24  Drone  
  89  24:25  Drone  
  89  24:26  Zergling x2  
  89  24:27  Drone  
  89  24:29  Drone  
  89  24:30  Drone  
  94  24:31  Drone  
  94  24:33  Roach  
  94  24:34  Drone  
  94  24:36  Drone  
  94  24:37  Drone  
  98  24:39  Overlord  
  98  24:41  Drone  
  98  24:42  Drone  
  98  24:43  Drone  
  98  24:44  Overseer  
  101  24:46  Infestor  
  101  24:49  Roach  
  101  24:50  Roach  
  101  24:52  Roach  
  107  24:53  Zergling x2  
  107  24:54  Drone  
  107  24:58  Overlord, Roach  
  111  25:01  Infestor, Drone  
  111  25:03  Zergling x2  
  111  25:05  Zergling x2  
  111  25:14  Hydralisk  
  109  25:15  Drone  
  109  25:16  Drone  
  109  25:18  Overlord  
  109  25:19  Drone  
  109  25:20  Drone  
  109  25:21  Drone  
  113  25:22  Roach  
  113  25:23  Zergling x2  
  113  25:25  Drone  
  113  25:26  Roach  
  113  25:28  Zergling x4  
  116  25:30  Zergling x2  
  116  25:31  Zergling x2  
  116  25:32  Zergling x2  
  116  25:33  Zergling x2  
  116  25:34  Baneling, Zergling x2  
  122  25:35  Baneling  
  122  25:36  Baneling  
  122  25:37  Zergling x2  
  122  25:39  Overlord  
  122  25:40  Baneling x2, Hatchery  
  122  25:41  Zergling x2  
  122  25:42  Baneling  
  123  25:45  Mutalisk  
  123  25:48  Mutalisk  
  125  25:50  Mutalisk  
  125  25:52  Baneling, Zergling x2  
  125  25:55  Mutalisk  
  130  25:58  Mutalisk  
  130  26:01  Overlord  
  130  26:02  Drone  
  130  26:03  Baneling x3  
  124  26:12  Drone x2  
  124  26:15  Drone  
  124  26:16  Drone  
  124  26:17  Drone  
  129  26:19  Baneling, Zergling x2  
  129  26:22  Overlord  
  129  26:24  Baneling, Zergling x2  
  129  26:25  Baneling  
  131  26:26  Zergling x2  
  131  26:27  Baneling  
  131  26:28  Baneling  
  131  26:29  Zergling x2  
  131  26:30  Baneling  
  131  26:32  Roach, Infestor  
  133  26:35  Hatchery  
  133  26:36  Infestor  
  133  26:37  Baneling  
  133  26:39  Zergling x2  
  136  26:42  Overlord  
  136  26:46  Zergling x2  
  132  26:47  Zergling x2  
  132  26:48  Drone  
  132  26:50  Roach  
  132  26:54  Roach  
  95  26:57  Roach  
  95  27:00  Roach  
  89  27:03  Roach  
  89  27:04  Drone  
  89  27:06  Roach  
  87  27:11  Drone  
  78  27:18  Drone  
  78  27:19  Drone  
  78  27:21  Drone  
  79  27:23  Drone  
  79  27:26  Drone  
  79  27:27  Drone  
  79  27:30  Drone  
  79  27:31  Hatchery  
  79  27:32  Drone  
  79  27:34  Drone  
  79  27:35  Drone  
  79  27:36  Drone x2  
  72  27:48  Zergling x2  
  72  27:51  Zergling x2  
  69  27:54  Roach  
  69  27:57  Drone  
  72  27:59  Drone  
  72  28:01  Drone  
  72  28:03  Drone  
  72  28:04  Drone x2  
  75  28:10  Drone  
  75  28:11  Drone  
  77  28:13  Drone  
  77  28:15  Drone  
  77  28:18  Roach  
  80  28:20  Drone  
  80  28:22  Roach  
  80  28:24  Roach  
  87  28:27  Roach  
  87  28:28  Hatchery  
  87  28:30  Infestor  
  87  28:34  Infestor  
  88  28:36  Zergling x2  
  88  28:39  Zergling x2  
  92  28:41  Zergling x2  
  84  29:00  Zergling x2, Drone  
  86  29:05  Drone  
  86  29:06  Drone  
  86  29:08  Drone  
  89  29:10  Drone  
  89  29:11  Drone  
  89  29:15  Zergling x2  
  93  29:17  Hatchery, Zergling x2  
  93  29:19  Drone  
  93  29:22  Zergling x2  
  95  29:24  Baneling  
  75  29:41  Drone  
  75  29:44  Drone  
  64  29:49  Roach  
  64  29:51  Drone  
  60  29:54  Drone  
  60  29:57  Baneling, Drone  
  50  30:01  Infestor x2, Drone  
  49  30:20  Zergling x2  
  45  30:26  Roach  
  44  30:30  Zergling x2  
  44  30:35  Drone  
  46  30:40  Drone  
  46  30:42  Hatchery  
  46  30:43  Drone  
  46  30:47  Drone  
  48  30:50  Drone  
  48  30:53  Drone  
  46  31:16  Drone  
  47  31:21  Drone  
  47  31:24  Drone  
  49  31:27  Drone  
  49  31:29  Drone  
  49  31:32  Drone  
  52  31:33  Hatchery  
  52  31:35  Drone  
  52  31:37  Drone  
  52  31:39  Drone  
  54  31:42  Drone  
  54  31:44  Drone  
  54  31:47  Drone  
  54  31:49  Drone  
  54  31:52  Zergling x2  
  45  31:54  Zergling x2  
  36  32:03  Roach  
  38  32:13  Zergling x2  
  38  32:16  Roach  
  38  32:17  Roach  
  36  32:31  Hydralisk  
  33  32:59  Drone  
  33  33:04  Spawning Pool  
  33  33:05  Drone  
  33  33:07  Drone  
  33  33:10  Drone  
  33  33:12  Drone  
  36  33:14  Drone  
  36  33:16  Drone  
  36  33:18  Drone  
  39  33:25  Drone  
  27  33:42  Overlord  
  27  33:44  Drone  
  27  33:45  Drone  
  27  33:46  Drone  
  29  33:49  Drone  
  29  33:50  Spawning Pool  
  29  33:52  Drone  
  29  33:55  Drone  
  29  33:58  Drone  
  29  33:59  Drone  
  28  34:27  Overlord, Drone  
  29  34:38  Zergling x2  
  29  34:41  Zergling x2  
  29  34:43  Zergling x2  
  32  34:46  Zergling x2  
  32  34:48  Zergling x4  
  32  34:51  Roach Warren  
  32  34:52  Zergling x2  
  35  34:56  Baneling Nest  
  35  34:58  Lair  
  21  35:10  Drone  
  22  35:14  Drone  
  22  35:15  Zergling x2  
  22  35:21  Drone x2  
  21  35:32  Roach  
  17  35:53  Ravager  
  18  35:57  Drone  
  17  36:05  Drone x3  
  6  36:20  Hatchery  
Show
View Real Time Build Order
Export as new Build Order

A.I. 3 (Elite) Terran - Winner!

Build Orders: Command Center First (CC), MMM Bio 

Get SALT Encoding   

  12  0:00  SCV  
  13  0:13  SCV  
  14  0:19  Supply Depot  
  14  0:25  SCV  
  15  0:41  SCV  
  16  0:53  SCV  
  17  1:05  SCV, Command Center  
  18  1:19  Barracks  
  18  1:21  SCV  
  19  1:49  Supply Depot  
  19  1:54  Refinery  
  19  1:55  SCV  
  20  2:06  Marine  
  20  2:08  Orbital Command  
  21  2:13  Barracks  
  21  2:17  SCV  
  22  2:24  Marine, Refinery  
  22  2:29  SCV  
  24  2:39  Supply Depot  
  24  2:41  Marine, SCV  
  26  2:50  Orbital Command  
  26  2:56  SCV  
  27  2:59  Marine x2  
  29  3:07  Factory  
  29  3:09  SCV  
  30  3:16  SCV  
  30  3:17  Marine x2  
  33  3:21  SCV  
  34  3:28  SCV  
  34  3:33  SCV  
  36  3:35  Marine x2  
  36  3:40  SCV  
  39  3:45  SCV  
  40  3:53  Marine x2, SCV  
  40  3:55  Starport, Factory Tech Lab  
  43  3:57  SCV  
  43  4:02  Supply Depot  
  44  4:07  SCV  
  44  4:09  SCV  
  46  4:10  Marine x2  
  46  4:14  Siege Tank  
  51  4:19  SCV  
  51  4:21  SCV  
  51  4:22  Supply Depot  
  53  4:28  Marine x2  
  53  4:31  SCV  
  56  4:33  SCV  
  56  4:35  Supply Depot, Starport Tech Lab  
  57  4:43  SCV  
  58  4:45  SCV  
  58  4:46  Siege Tank  
  58  4:47  Armory  
  62  4:55  SCV  
  62  4:57  SCV  
  64  5:02  Fusion Core  
  64  5:05  Supply Depot  
  64  5:07  SCV  
  64  5:10  SCV  
  64  5:13  Supply Depot  
  66  5:18  Marine  
  66  5:19  Marine, SCV  
  69  5:22  SCV  
  69  5:24  Refinery  
  69  5:28  Refinery  
  70  5:31  SCV  
  70  5:34  SCV  
  72  5:36  Barracks Tech Lab  
  72  5:42  Engineering Bay  
  72  5:44  Barracks  
  72  5:47  SCV, Engineering Bay  
  72  5:49  Command Center  
  73  5:51  SCV  
  73  5:55  Combat Shields  
  73  5:56  Marauder  
  76  5:59  SCV  
  77  6:10  Terran Infantry Armor Level 1  
  77  6:12  Terran Infantry Weapons Level 1, Missile Turret  
  77  6:13  Barracks Tech Lab  
  77  6:16  Missile Turret  
  77  6:17  Marauder  
  79  6:25  Medivac  
  81  6:27  Supply Depot  
  81  6:31  Marine  
  81  6:32  Marine  
  83  6:33  Stimpack  
  83  6:34  Barracks  
  83  6:38  Marauder  
  85  6:49  Marauder  
  85  6:52  Barracks Reactor, Supply Depot  
  87  6:55  Viking  
  87  6:59  Marine  
  90  7:01  SCV  
  90  7:02  SCV x2, Refinery  
  93  7:11  Marauder  
  93  7:13  SCV  
  93  7:14  SCV  
  93  7:15  SCV  
  98  7:17  Marine  
  98  7:20  Missile Turret  
  98  7:21  Marine  
  98  7:22  Refinery  
  100  7:25  SCV, Medivac  
  100  7:26  Missile Turret  
  100  7:27  Orbital Command, SCV  
  100  7:28  Marine  
  100  7:29  Marine  
  106  7:32  Supply Depot, Marauder  
  106  7:35  Marauder  
  110  7:37  SCV  
  110  7:39  SCV  
  112  7:50  SCV  
  113  7:52  SCV  
  113  7:53  Marauder  
  113  7:54  SCV  
  113  7:55  Missile Turret, Medivac  
  119  7:58  Concussive Shells  
  119  7:59  Supply Depot  
  119  8:02  SCV, Marauder  
  119  8:04  SCV  
  123  8:06  SCV  
  124  8:14  Terran Infantry Weapons Level 2, SCV  
  125  8:20  SCV  
  125  8:21  Marauder  
  125  8:24  Supply Depot, Marauder  
  125  8:25  Viking  
  132  8:28  Missile Turret  
  132  8:42  Factory  
  132  8:46  Starport  
  132  8:47  Command Center  
  132  8:49  Marauder  
  132  8:50  Armory  
  132  8:53  Supply Depot  
  132  8:55  Battlecruiser  
  140  8:56  Missile Turret  
  140  9:07  Hi-Sec Auto Tracking  
  140  9:18  Supply Depot  
  140  9:19  Marine  
  140  9:20  Marine  
  140  9:22  Marine  
  140  9:23  Medivac  
  145  9:25  Marine, Factory Tech Lab  
  145  9:27  Marine  
  145  9:30  High Capacity Fuel Tanks  
  147  9:37  Marine, Barracks  
  148  9:39  Marauder  
  148  9:42  Ghost Academy  
  148  9:43  SCV  
  148  9:44  Supply Depot  
  148  9:45  Barracks Tech Lab  
  150  9:54  Starport Reactor  
  150  9:55  Marauder  
  150  9:59  Raven  
  140  10:00  Marauder  
  140  10:03  Marine, Refinery  
  140  10:04  Marauder  
  140  10:06  Planetary Fortress  
  132  10:13  Marine  
  131  10:14  Missile Turret  
  131  10:17  Marauder  
  133  10:21  Marine  
  133  10:24  Marine, Missile Turret  
  133  10:25  Ghost  
  135  10:28  Marine  
  135  10:31  Marine, Viking, Medivac  
  140  10:36  Terran Infantry Weapons Level 3  
  140  10:37  Marine  
  140  10:39  Marine  
  140  10:42  Viking, Marine  
  142  10:47  Marine  
  142  10:48  Missile Turret  
  142  10:49  Marine  
  144  10:52  Missile Turret  
  144  10:54  Marauder  
  144  10:55  Ghost  
  144  10:56  Missile Turret  
  148  10:57  Marine, Command Center  
  148  11:01  Viking, Medivac  
  153  11:05  Marine  
  153  11:06  Marine  
  153  11:07  Marine  
  151  11:12  Medivac  
  151  11:14  Marine  
  151  11:15  Marauder  
  154  11:21  Unknown  
  154  11:22  Supply Depot  
  154  11:24  Marine  
  155  11:28  Marine  
  155  11:29  Marine x2  
  155  11:31  Viking, Medivac  
  162  11:33  Marauder  
  162  11:36  Marine  
  165  11:42  Marine, Viking  
  165  11:46  Marine, Missile Turret  
  169  11:49  Marine  
  169  11:50  Marine, Supply Depot  
  171  11:54  Marine, Marauder  
  171  11:59  Marine  
  171  12:01  Viking, Medivac  
  177  12:03  Unknown  
  177  12:04  Marine  
  180  12:10  Building Armor  
  180  12:12  Battlecruiser, Marauder  
  180  12:14  Liberator  
  188  12:27  Hellion  
  188  12:28  Hellion  
  192  12:34  Unknown x2  
  192  12:35  Unknown  
  192  12:36  SCV, Unknown  
  191  12:39  Factory  
  191  12:44  Infernal Pre-Igniter  
  191  12:48  Hellion  
  191  12:49  Hellion, Unknown x2  
  191  12:50  Unknown  
  191  12:51  Planetary Fortress, Refinery  
  188  12:52  Marauder  
  188  12:53  Refinery  
  188  12:54  Marauder  
  188  12:56  Marine  
  188  12:57  Marine x2  
  188  12:58  Marine, Unknown  
  145  13:10  Siege Tank x2  
  145  13:11  Missile Turret  
  145  13:12  SCV  
  147  13:13  Marine  
  147  13:14  Marine x3  
  147  13:15  Missile Turret  
  147  13:16  Raven  
  147  13:19  Missile Turret, Unknown  
  153  13:23  Hellion  
  153  13:31  Terran Vehicle Weapons Level 1  
  153  13:38  Terran Vehicle And Ship Armor Level 1  
  153  13:39  Terran Infantry Armor Level 2  
  153  13:41  Widow Mine  
  153  13:43  Hellion  
  153  13:45  Factory Tech Lab  
  157  13:52  Marine  
  158  13:56  Marine, Viking, Medivac  
  158  13:57  Refinery  
  158  13:58  Command Center  
  158  13:59  Raven  
  165  14:03  Hellion, Widow Mine  
  169  14:10  Thor  
  175  14:19  SCV  
  175  14:24  Thor  
  181  14:32  Cyclone  
  184  14:47  Ghost  
  186  14:53  Cyclone  
  189  15:04  Siege Tank  
  192  15:07  Hellion  
  192  15:11  Planetary Fortress  
  194  15:24  Missile Turret, Widow Mine  
  194  15:27  Terran Vehicle Weapons Level 2  
  196  15:28  Cyclone  
  196  15:30  Missile Turret  
  196  15:31  Terran Vehicle And Ship Armor Level 2  
  196  15:34  Missile Turret  
  196  15:35  Command Center  
  199  15:41  Factory  
  199  15:56  Terran Infantry Armor Level 3  
  196  16:04  SCV x2  
  196  16:05  SCV x3  
  196  16:06  Siege Tank  
  198  16:11  Marauder  
  198  16:12  Marauder  
  198  16:16  Marauder  
  200  16:22  SCV x2  
  200  16:23  SCV x2  
  200  16:25  Missile Turret  
  200  16:27  SCV  
  198  16:32  Marauder  
  198  16:34  SCV  
  198  16:36  Viking, Siege Tank  
  198  16:37  Viking  
  198  16:39  Unknown  
  200  16:40  SCV, Unknown  
  200  16:41  Viking  
  200  16:46  SCV  
  193  16:47  Siege Tank  
  193  16:49  Siege Tank  
  193  16:50  SCV, Hellion  
  187  16:58  Planetary Fortress  
  187  17:01  SCV  
  176  17:06  Viking  
  176  17:07  Viking, Thor  
  179  17:11  Viking, Hellion  
  179  17:13  SCV  
  173  17:16  SCV  
  173  17:17  Missile Turret  
  173  17:19  Siege Tank  
  173  17:20  Missile Turret  
  175  17:24  Unknown x2  
  175  17:25  Unknown  
  175  17:26  Siege Tank, Unknown  
  169  17:36  Medivac  
  169  17:37  Marine, Viking  
  171  17:38  Marine x2  
  171  17:41  Medivac  
  171  17:42  Missile Turret  
  171  17:43  Terran Ship Weapons Level 1  
  178  17:46  Missile Turret  
  178  17:48  Terran Vehicle Weapons Level 3  
  178  17:49  Missile Turret  
  178  17:54  Thor  
  184  18:00  Thor  
  184  18:03  Cyclone  
  184  18:05  Hellion  
  195  18:06  Viking  
  195  18:07  Missile Turret, Medivac  
  199  18:23  Medivac  
  199  18:24  Marauder  
  199  18:25  Marauder  
  199  18:26  Siege Tank  
  186  18:34  Missile Turret  
  186  18:35  Hellion  
  186  18:36  Viking, Liberator  
  186  18:37  Viking, Siege Tank  
  188  18:43  Hellion  
  188  18:46  Marine  
  184  18:52  Marine, Missile Turret  
  180  18:57  Command Center  
  180  18:58  Siege Tank  
  180  19:01  Hellion  
  181  19:04  Marine x2, Siege Tank  
  181  19:05  Unknown, Marauder  
  181  19:06  Viking x2  
  181  19:09  Thor  
  198  19:22  Hellion  
  200  19:30  Unknown  
  200  19:31  Unknown, Refinery  
  200  19:33  Refinery  
  200  19:35  Refinery  
  200  19:37  Terran Vehicle And Ship Armor Level 3  
  200  19:38  Liberator  
  200  19:39  Refinery  
  199  19:47  Medivac  
  200  19:55  Viking  
  200  19:58  SCV  
  200  19:59  SCV x2  
  193  20:00  SCV  
  193  20:01  Marine x2  
  193  20:02  Marine x2, Marauder  
  184  20:08  Marine, SCV  
  184  20:10  Siege Tank, SCV  
  184  20:12  Siege Tank, Widow Mine  
  184  20:13  SCV, Widow Mine  
  174  20:17  Medivac  
  174  20:19  Marine, Marauder  
  174  20:20  Marine  
  166  20:22  Marine  
  166  20:24  Unknown, Marauder  
  166  20:25  Medivac, Unknown  
  166  20:26  Marine, SCV, Unknown  
  160  20:29  Unknown  
  160  20:30  Unknown  
  160  20:34  SCV  
  147  20:37  SCV  
  147  20:38  Viking, Liberator, Marauder  
  147  20:40  Marine  
  147  20:41  SCV, Widow Mine  
  147  20:42  SCV, Cyclone, Widow Mine  
  142  20:43  Marine, SCV  
  142  20:44  Siege Tank  
  142  20:45  Marine, Marauder  
  142  20:46  SCV  
  142  20:47  Raven, Unknown x2  
  140  20:55  Marine, SCV  
  140  20:57  Ghost  
  140  20:59  SCV, Marauder  
  140  21:01  Marine  
  140  21:03  SCV  
  142  21:04  SCV  
  142  21:07  SCV  
  142  21:08  Terran Ship Weapons Level 2, Medivac  
  142  21:09  Marine  
  142  21:10  Hellion  
  149  21:11  Marine, Hellion  
  149  21:13  Marine  
  149  21:17  Siege Tank  
  155  21:19  Marine  
  155  21:20  Marauder  
  155  21:21  Siege Tank  
  159  21:30  Viking  
  159  21:31  Marauder  
  163  21:36  Missile Turret, SCV  
  163  21:38  Marine, Medivac, Marauder  
  168  21:40  Marine  
  168  21:41  Marine  
  168  21:42  Marauder  
  172  21:48  Siege Tank  
  172  21:52  Cyclone  
  172  21:53  Marauder  
  180  21:55  Missile Turret  
  180  21:56  Siege Tank  
  180  21:59  Marine, Raven, Marauder  
  188  22:03  Marauder  
  188  22:05  Marine  
  188  22:08  Marine  
  192  22:09  Widow Mine  
  192  22:13  Marine  
  195  22:19  Unknown  
  195  22:20  Siege Tank, Unknown, Marauder  
  193  22:24  Hellion, Marauder  
  193  22:26  Liberator  
  193  22:28  Hellion  
  185  22:31  Marine  
  185  22:32  Marauder  
  183  22:38  Hellion  
  183  22:40  Marine  
  183  22:42  Marine, Marauder  
  176  22:45  Viking, Cyclone  
  176  22:46  Marauder  
  176  22:49  Marine  
  176  22:50  Hellion  
  175  22:51  Viking  
  175  22:52  Widow Mine  
  175  22:53  Marine  
  177  22:58  Marine  
  177  23:00  Marine  
  177  23:02  Widow Mine  
  177  23:03  Marauder  
  179  23:07  Marine  
  179  23:09  Marine, Command Center  
  179  23:10  Widow Mine  
  179  23:11  Marauder  
  185  23:16  Marine  
  185  23:17  Siege Tank  
  185  23:18  Marine  
  190  23:20  Viking, Widow Mine  
  190  23:24  Marine  
  190  23:25  Unknown, Marauder  
  190  23:26  Raven  
  199  23:28  Marine  
  199  23:31  Widow Mine  
  199  23:32  Marine  
  197  23:37  Marine  
  197  23:41  Marine  
  199  23:46  Marine  
  201  23:48  Liberator  
  200  23:49  Unknown  
  200  23:56  Marauder  
  200  23:59  Liberator  
  200  24:02  Ghost  
  199  24:09  Missile Turret  
  200  24:11  Unknown  
  200  24:12  Unknown  
  200  24:14  Ghost  
  200  24:16  Medivac  
  200  24:20  Marine, Planetary Fortress  
  199  24:39  Command Center  
  199  24:58  Refinery  
  199  25:05  Refinery  
  199  25:49  Marauder  
  199  25:56  Planetary Fortress  
  199  26:11  Missile Turret  
  199  26:12  Refinery  
  199  26:16  Missile Turret  
  199  26:20  Missile Turret  
  199  26:23  Refinery  
  199  26:45  Unknown  
  199  26:46  Unknown  
  198  26:47  Marauder  
  198  26:48  Marine x2, Marauder  
  198  26:49  Marine x2  
  198  26:51  Siege Tank, Medivac, Cyclone  
  198  26:52  Medivac x2  
  198  26:53  Siege Tank  
  193  27:06  Marine  
  193  27:07  Marauder  
  193  27:08  Ghost  
  198  27:40  Siege Tank  
  200  27:45  Unknown  
  199  28:29  SCV  
  200  29:23  Unknown  
  200  29:24  Marine  
  200  29:25  Marine  
  200  29:56  Liberator  
  200  30:08  Marine x2  
  200  30:09  Marine x2  
  200  30:18  Marine x2  
  200  30:19  Viking  
  199  30:26  Marine  
  200  31:29  Liberator  
  200  31:51  Unknown x2  
  200  31:52  Marine, Cyclone  
  200  31:55  Marine  
  200  31:56  Marine  
  200  32:25  Marine  
  200  32:27  Marine  
  200  33:10  Marine  
  200  33:16  Marine  
  200  33:29  Marine  
  199  35:29  Hellion  
  199  35:30  Hellion  
  200  36:18  Hellion  
Tags
 
Add a new tag
Caveats
  • Supply blocks, unpowered buildings, or Contaminate may cause inaccurate times.
  • Supply counts are checked every 10 seconds.